 Dungeon Crawl Stone Soup version 0.28.0-53-g5a82cb258f (webtiles) character file.

Game seed: 10956371559413818300

140 Peloso the Covered (level 5, 0/47 HPs)
             Began as a Minotaur Fighter on May 27, 2022.
             Constricted to death by a ball python (1 damage)
             ... on level 2 of the Dungeon.
             The game lasted 00:01:43 (1386 turns).

Peloso the Covered (Minotaur Fighter)               Turns: 1386, Time: 00:01:43

Health: 0/47       AC:  7    Str: 21    XL:     5   Next: 2%
Magic:  4/4        EV:  6    Int:  5    God:
Gold:   30         SH:  5    Dex: 11    Spells: 4/4 levels left

rFire   . . .      SeeInvis .   a - +0 long sword
rCold   . . .      Faith    .   c - +0 buckler
rNeg    . . .      Spirit   .   b - +0 scale mail
rPois   .          Reflect  .   (helmet restricted)
rElec   .          Harm     .   (no cloak)
rCorr   .          Rampage  .   (no gloves)
Will    .....                   (no boots)
Stlth   ..........              (no amulet)
HPRegen 0.15/turn               (no ring)
MPRegen 0.09/turn               (no ring)

@: constricted
A: horns 2, retaliatory headbutt
a: no special abilities


You were on level 2 of the Dungeon.
You visited 1 branch of the dungeon, and saw 2 of its levels.

You collected 30 gold pieces.

Inventory:

Hand Weapons
 a - a +0 long sword (weapon)
Armour
 b - a +0 scale mail (worn)
 c - a +0 buckler (worn)
Jewellery
 f - a ring of positive energy
Scrolls
 h - a scroll of identify {unknown}
Potions
 d - a potion of might
 e - a potion of heal wounds {unknown}
 g - a potion of degeneration {unknown}


   Skills:
 + Level 4.4 Fighting
 + Level 4.1 Long Blades
 + Level 4.8 Armour
 + Level 0.1 Dodging
 + Level 4.4 Shields


You had 4 spell levels left.
You didn't know any spells.
Your spell library was empty.

Dungeon Overview and Level Annotations

Branches:
Dungeon (2/15)

Altars:


Innate Abilities, Weirdness & Mutations

You have a pair of horns on your head.
You reflexively headbutt those who attack you in melee.


Message History

A ball python comes into view.
You barely miss the kobold.
The ball python hisses angrily.
You headbutt the kobold.
You kill the kobold!
Found a scroll labelled UKIEH USMIOHU.
A gnoll comes into view. It is wielding a +0 spear.
The gnoll closely misses you.
You see here a +0 dagger.
The gnoll hits you with a +0 halberd. The gnoll completely misses you.
You closely miss the gnoll. You headbutt the gnoll.
The gnoll is heavily wounded.
The gnoll hits you with a +0 halberd! The gnoll closely misses you.
You hit the gnoll but do no damage.
The gnoll is heavily wounded.
The ball python closely misses you. The ball python grabs you.
The ball python constricts you. You block the gnoll's attack. x2
The ball python barely misses you. The ball python constricts you.
The gnoll hits you but does no damage.
You completely miss the gnoll.
The gnoll is moderately wounded.
You block the gnoll's attack.
The ball python bites you but does no damage.
The ball python constricts you.
The gnoll hits you from afar with a +0 spear.
You block the gnoll's attack. The gnoll barely misses you.
You barely miss the gnoll.
The gnoll is moderately wounded.
The ball python bites you but does no damage.
The ball python constricts you. The gnoll hits you but does no damage.
The gnoll hits you with a +0 halberd!
The gnoll hits you from afar with a +0 spear!
* * * LOW HITPOINT WARNING * * *
The ball python closely misses you. The ball python constricts you.
You hit the gnoll.
The gnoll is heavily wounded.
The gnoll hits you but does no damage. The gnoll hits you with a +0 halberd!
* * * LOW HITPOINT WARNING * * *
The ball python barely misses you. The ball python constricts you.
You die...

...####+### .......
.......... .......
..........
?......####+####........
...............#........
...............#........
#....g.......'........
#..ggS.......#........
#....@.......#........
#....)...!...#........
#............#........
#............#########
##############


You could see 3 gnolls and a ball python.

Vanquished Creatures
  A necrophage (D:2)
  An adder (D:2)
  A worm (D:2)
  A dart slug (D:1)
  2 ball pythons (D:1)
  2 endoplasms (D:1)
  A giant cockroach (D:1)
  6 goblins
  3 hobgoblins
  2 jackals (D:1)
  5 kobolds
  3 quokkas
  4 bats
  2 frilled lizards (D:2)
  2 rats (D:1)
36 creatures vanquished.

Notes
Turn   | Place    | Note
-------+----------+-------------------------------------------
     0 | D:1      | Peloso the Minotaur Fighter began the quest for the Orb.
     0 | D:1      | Reached XP level 1. HP: 19/19 MP: 0/0
   114 | D:1      | Reached XP level 2. HP: 26/27 MP: 1/1
   215 | D:1      | Found a faded altar of an unknown god.
   471 | D:1      | Reached XP level 3. HP: 33/33 MP: 2/2
  1139 | D:2      | Noticed a necrophage
  1154 | D:2      | Killed a necrophage
  1155 | D:2      | Reached XP level 4. HP: 31/41 MP: 3/3
  1356 | D:2      | Reached XP level 5. HP: 47/47 MP: 4/4
  1386 | D:2      | HP: 1/47 [gnoll/+0 halberd (11)]
  1386 | D:2      | Constricted to death by a ball python

Illustrated notes

Levels and vault maps discovered:
D:1:      dpeg_arrival_shelter, layout_loops_corners,
          chequers_ecumenical_altar_simple, palyth_stone_intersect
D:2:      layout_basic, minmay_hedge_maze

Skill      XL: |  1  2  3 |
---------------+----------+-----
Armour         | 4 |  4.8
Shields        | 4 |  4.4
Fighting       | 4 |  4.4
Long Blades    | 4 |  4.1
Dodging        | |  0.1

Action                   |  1- 3 |  4- 6 || total
-------------------------+-------+-------++-------
Melee: Long sword        |    71 |    31 ||   102
       Headbutt          |     7 |     4 ||    11
Armor: Scale mail        |    46 |    19 ||    65
Dodge: Dodged            |    39 |    16 ||    55
Block: Buckler           |    15 |     8 ||    23
